 Dungeon Crawl Stone Soup version 0.23-a0-730-g0b75920 (webtiles) character file.

3596 TheGoonsmith the Cleaver (level 10, -5/60 HPs)
             Began as a Gargoyle Berserker on Jan 17, 2019.
             Was an Elder of Trog.
             Slain by a yak (10 damage)
             ... on level 7 of the Dungeon.
             The game lasted 00:14:11 (6828 turns).

TheGoonsmith the Cleaver (Gargoyle Berserker)       Turns: 6828, Time: 00:14:11

Health: -5/60      AC: 19    Str: 25    XL:     10   Next: 10%
Magic:  10/10      EV:  9    Int:  7    God:    Trog [****..]
Gold:   305        SH:  0    Dex:  9    Spells: 9/9 levels left

rFire    . . .     SeeInvis .   a - +0 battleaxe
rCold    . . .     Gourm    .   (shield currently unavailable)
rNeg     + . .     Faith    .   u - +0 chain mail
rPois    ∞         Spirit   .   (no helmet)
rElec    +         Reflect  .   (no cloak)
rCorr    .         Harm     .   h - +0 pair of gloves
MR       .....                  (no boots)
Stlth    ..........             (no amulet)
HPRegen  0.20/turn              (no ring)
MPRegen  0.12/turn              (no ring)

@: no status effects
A: negative energy resistance 1, electricity resistance, unbreathing,
petrification resistance, rot immunity, AC +7
a: Berserk, Trog's Hand, Brothers in Arms, Renounce Religion


You were on level 7 of the Dungeon.
You worshipped Trog.
Trog was greatly pleased with you.
You were not hungry.

You visited 1 branch of the dungeon, and saw 7 of its levels.

You collected 305 gold pieces.

Inventory:

Hand Weapons
 a - a +0 battleaxe (weapon)
 b - a +0 shortbow
 C - a +0 hand axe
Missiles
 n - 143 arrows
Armour
 h - a +0 pair of gloves (worn)
 l - a +0 ring mail
 u - a +0 chain mail (worn)
 y - a +0 animal skin
Jewellery
 q - a cursed amulet of inaccuracy
 s - an uncursed amulet of the gourmand
 E - an uncursed ring of protection from fire {unknown}
Wands
 k - a wand of disintegration (20)
 m - a wand of polymorph (7)
 x - a wand of scattershot (5)
 D - a wand of iceblast (9)
Scrolls
 e - 9 scrolls of remove curse
 g - 5 scrolls of magic mapping
 j - a scroll of amnesia
 A - a scroll of identify
 B - 3 scrolls of teleportation {unknown}
Potions
 d - 2 potions of ambrosia {unknown}
 f - 6 potions of curing
 i - a potion of might {unknown}
 o - a potion of flight {unknown}
 p - 2 potions of heal wounds {unknown}
 r - a potion of mutation {unknown}
 t - a potion of cancellation {unknown}
 v - a potion of agility {unknown}
 w - a potion of degeneration {unknown}
 z - a potion of berserk rage {unknown}
 F - 2 potions of brilliance {unknown}
Comestibles
 c - 14 rations


   Skills:
 - Level 6.0 Fighting
 + Level 10.6 Axes
 + Level 7.0 Armour
 - Level 1.5 Dodging
   Level 4.0 Shields


You had 9 spell levels left.
You didn't know any spells.
Your spell library was empty.

Dungeon Overview and Level Annotations

Branches:
Dungeon (7/15)             Temple (0/1) D:6

Altars:
Ashenzari
Elyvilon
Gozag
Hepliaklqana
Kikubaaqudgha
Nemelex Xobeh
Qazlal
Wu Jian
Xom
Zin
The Shining One


Innate Abilities, Weirdness & Mutations

You are resistant to torment.
Your stone body is resilient. (AC +7)
You are immune to poison.
You resist negative energy. (rN+)
You are resistant to electric shocks. (rElec)
You can survive without breathing.
You are immune to petrification.
You are immune to rotting.


Message History

You hit the yak.
The yak is almost dead.
The yak gores you.
* * * LOW HITPOINT WARNING * * *
The yak gores you but does no damage.
You hit the yak.
The yak is almost dead.
The yak gores you but does no damage.
You hit the yak.
You kill the yak!
Trog accepts your kill.
Your Armour skill increases to level 7!
You barely miss the yak.
The yak is heavily wounded.
The yak barely misses you. The yak gores you.
* * * LOW HITPOINT WARNING * * *
You hit the yak.
The yak is heavily wounded.
The yak gores you!
You die...

#.#.# ... ...........
#.#.# ##.# ##########.
#.# ...# +.. #.# #p.# ###
#.# #..# # #.# #..# ###
#.# #..# #.. #####.#
#..######### #######
......# #..@YY......
.......
.#############.###....###
####### .# #.........#
(...# .# #.........#
....# ### .# #.........##
....# #..
.###########)...# ....#
#.. ......[p....[...#
....# #..
############....# ..(..
#.. ###### ##..


You could see 2 yaks and a neutral freed slave (wandering).

Vanquished Creatures
  Pikel (D:7)
  A troll (D:5)
  A hippogriff (D:7)
  Eustachio (D:5)
  3 yaks (D:7)
  Menkaure (D:7)
  An orc warrior (D:6)
  2 phantoms
  2 slaves (D:7)
  2 sky beasts
  An ogre (D:5)
  5 centaurs
  2 bullfrogs (D:6)
  Blork the orc (D:4)
  2 scorpions
  3 crimson imps
  A centaur zombie (D:5)
  A bullfrog zombie (D:7)
  2 jellies
  3 orc priests
  5 iguanas
  3 orc wizards
  6 worker ants
  A hound skeleton (D:6)
  9 adders
  A shadow imp (D:5)
  An ooze (D:2)
  An adder zombie (D:5)
  3 worms
  A leopard gecko (D:2)
  16 orcs
  8 giant cockroaches
  5 goblins
  5 hobgoblins
  14 jackals
  7 kobolds
  5 quokkas
  3 ball pythons
  7 bats
  7 frilled lizards
  2 quokka skeletons (D:4)
  A quokka zombie (D:2)
  9 rats
156 creatures vanquished.

Notes
Turn   | Place    | Note
-------+----------+-------------------------------------------
     0 | D:1      | TheGoonsmith the Gargoyle Berserker began the quest for the
                  | Orb.
     0 | D:1      | Reached XP level 1. HP: 14/14 MP: 1/1
   256 | D:1      | Reached skill level 3 in Axes
   256 | D:1      | Reached XP level 2. HP: 19/19 MP: 2/2
   846 | D:2      | Reached ** piety under Trog
   854 | D:2      | Found an ancient bone altar of Kikubaaqudgha.
   868 | D:2      | Found a glowing golden altar of the Shining One.
   886 | D:2      | Reached XP level 3. HP: 22/24 MP: 3/3
   958 | D:2      | Reached XP level 4. HP: 29/29 MP: 4/4
  1019 | D:2      | Reached skill level 4 in Axes
  1350 | D:2      | Found a hazy altar of Hepliaklqana.
  1928 | D:3      | Found a shattered altar of Ashenzari.
  2256 | D:3      | Found a white marble altar of Elyvilon.
  2283 | D:3      | Found a sparkling altar of Nemelex Xobeh.
  2310 | D:3      | Reached XP level 5. HP: 34/34 MP: 5/5
  2404 | D:3      | Found an ornate altar of the Wu Jian Council.
  2447 | D:3      | Reached *** piety under Trog
  2499 | D:3      | Found a glowing silver altar of Zin.
  2911 | D:4      | Reached skill level 1 in Shields
  2952 | D:4      | Found an opulent altar of Gozag.
  3043 | D:4      | Reached XP level 6. HP: 27/39 MP: 6/6
  3160 | D:4      | Reached skill level 5 in Axes
  3364 | D:4      | Found a shimmering altar of Xom.
  3373 | D:4      | Noticed Blork the orc
  3382 | D:4      | Killed Blork the orc
  3382 | D:4      | Reached skill level 5 in Fighting
  3488 | D:4      | Reached XP level 7. HP: 42/44 MP: 7/7
  3863 | D:5      | Entered Level 5 of the Dungeon
  3976 | D:5      | Reached skill level 6 in Axes
  4120 | D:5      | Noticed Eustachio
  4154 | D:5      | Killed Eustachio
  4259 | D:5      | Reached skill level 7 in Axes
  4259 | D:5      | Reached XP level 8. HP: 46/49 MP: 8/8
  4667 | D:5      | Noticed a troll
  4672 | D:5      | Killed a troll
  4672 | D:5      | Reached skill level 8 in Axes
  5286 | D:6      | Reached **** piety under Trog
  5293 | D:6      | Reached XP level 9. HP: 44/55 MP: 9/9
  5605 | D:6      | Found a staircase to the Ecumenical Temple.
  5622 | D:6      | Reached skill level 9 in Axes
  5838 | D:6      | Found a glowing golden altar of the Shining One.
  6127 | D:7      | Noticed Menkaure
  6134 | D:7      | Killed Menkaure
  6396 | D:7      | Reached skill level 5 in Armour
  6520 | D:7      | Found a stormy altar of Qazlal.
  6605 | D:7      | Reached skill level 10 in Axes
  6770 | D:7      | Noticed Pikel
  6777 | D:7      | Killed Pikel
  6810 | D:7      | Reached XP level 10. HP: 49/60 MP: 10/10
  6828 | D:7      | Slain by a yak

Vault maps used:
D:1:      minmay_arrival_four_loops
D:2:      lemuel_coloured_pillars_altar, lemuel_crystal_altar, tso_metal_star
D:3:      lemuel_round_altar, elyvilon_altar_1, zin_academy,
          evilmike_ruin_ashenzari, nicolae_overflow_hidden_temple,
          serial_curves, eino_curves_04, eino_curves_01, eino_curves_04,
          hex_intersection, minmay_misc_feat_encased
D:4:      lemuel_crystal_altar, lemuel_doored_altar, first_ration,
          uniq_blork_the_orc
D:5:      uniq_eustachio
D:6:      marbit_many_paths, minmay_temple_entry_overgrown, chequers_jeans
D:7:      basic_altar, the_bakery, uniq_menkaure, uniq_pikel

Skill      XL: |  1  2  3  4  5  6  7  8  9 10 |
---------------+-------------------------------+-----
Axes           | 3 4 5 7 8 10 | 10.6
Fighting       | 4 5 6 |  6.0
Shields        | 1 2 4 |  4.0
Armour         | 3 6 7 |  7.0
Dodging        | |  1.5

Action                   |  1- 3 |  4- 6 |  7- 9 | 10-12 || total
-------------------------+-------+-------+-------+-------++-------
Melee: Hand axe          |    86 |   214 |   343 |       ||   643
       Battleaxe         |       |       |    66 |    17 ||    83
 Fire: Shortbow          |       |       |     6 |       ||     6
Invok: Berserk           |     2 |     5 |     5 |       ||    12
       Trog's Hand       |     1 |     1 |     1 |       ||     3
  Use: Scroll            |       |       |     7 |       ||     7
 Stab: Sleeping          |     1 |       |       |       ||     1
  Eat: Chunk             |     1 |    13 |    17 |       ||    31
Armor: Animal skin       |    40 |    28 |       |       ||    68
       Ring mail         |       |    41 |     4 |       ||    45
       Chain mail        |       |       |   220 |    11 ||   231
Dodge: Dodged            |    87 |   113 |   165 |     5 ||   370
Block: Buckler           |       |    41 |    77 |       ||   118

Table legend:
 A = Non-vault XP
 B = Vault XP
 C = Vault XP percentage of total XP
 D = Non-vault monster count
 E = Vault monster count
 F = Vault count percentage of total count
                 A         B        C        D         E       F
            +---------+---------+-------+---------+---------+-------
      Total |    4074 |    1064 |  20.7 |     149 |       5 |   3.2
            +---------+---------+-------+---------+---------+-------
        D:1 |      23 |       0 |   0.0 |      16 |       0 |   0.0
        D:2 |     114 |       0 |   0.0 |      33 |       0 |   0.0
        D:3 |      44 |       0 |   0.0 |      18 |       0 |   0.0
        D:4 |     353 |      94 |  21.0 |      19 |       1 |   5.0
        D:5 |    1112 |     196 |  15.0 |      20 |       1 |   4.8
        D:6 |     877 |      13 |   1.5 |      23 |       1 |   4.2
        D:7 |    1551 |     761 |  32.9 |      20 |       2 |   9.1
            +---------+---------+-------+---------+---------+-------
